Map: Galactic Process LE

Players

Cyan

  • Race: Protoss Protoss

Nerchio - Winner!

  • Race: Zerg Zerg

Event: IEM Season 11 - Shanghai

VOD

https://www.youtube.com/watch?v=DJBKvp_jIQM

Description

Time

  • Played on: July 28, 2016, 9:46 a.m.
  • Length: 10:46

All games in this series

Show
View Real Time Build Order
Export as new Build Order

Cyan Protoss 

Build Orders: 1 Gate Expand 

Get SALT Encoding   

  12  0:00  Probe (Chrono Boost)  
  13  0:11  Probe (Chrono Boost)  
  14  0:18  Pylon  
  14  0:22  Probe (Chrono Boost)  
  15  0:36  Probe (Chrono Boost)  
  15  0:39  Gateway  
  16  0:45  Assimilator  
  16  0:47  Probe (Chrono Boost)  
  17  0:57  Probe (Chrono Boost)  
  18  1:08  Probe (Chrono Boost)  
  19  1:21  Nexus  
  19  1:24  Probe (Chrono Boost)  
  20  1:34  Cybernetics Core  
  20  1:37  Probe (Chrono Boost)  
  21  1:46  Assimilator  
  21  1:48  Probe (Chrono Boost)  
  21  1:54  Pylon  
  22  1:58  Probe (Chrono Boost)  
  23  2:08  Adept  
  23  2:11  Warp Gate  
  23  2:14  Probe (Chrono Boost)  
  26  2:26  Probe (Chrono Boost)  
  26  2:27  Twilight Council  
  27  2:33  Probe (Chrono Boost), Stalker  
  29  2:38  Probe (Chrono Boost)  
  29  2:43  Probe (Chrono Boost)  
  32  2:50  Probe (Chrono Boost)  
  32  2:51  Resonating Glaives  
  33  2:54  Probe (Chrono Boost)  
  34  3:02  Probe (Chrono Boost)  
  34  3:05  Probe (Chrono Boost)  
  36  3:06  Adept  
  39  3:14  Probe (Chrono Boost)  
  39  3:15  Probe (Chrono Boost)  
  39  3:17  Gateway  
  40  3:23  Gateway  
  40  3:26  Probe x2 (Chrono Boost)  
  42  3:29  Pylon  
  42  3:34  Adept  
  42  3:38  Probe (Chrono Boost)  
  42  3:40  Probe (Chrono Boost)  
  46  3:43  Pylon  
  46  3:50  Probe (Chrono Boost)  
  46  3:51  Probe (Chrono Boost)  
  48  4:02  Probe (Chrono Boost), Nexus  
  49  4:05  Mothership Core (Chrono Boost)  
  49  4:06  Pylon  
  51  4:15  Probe (Chrono Boost), Adept x2  
  56  4:18  Adept  
  56  4:24  Probe (Chrono Boost)  
  59  4:27  Probe (Chrono Boost)  
  59  4:28  Robotics Facility  
  60  4:31  Pylon  
  60  4:36  Probe (Chrono Boost)  
  61  4:38  Adept  
  61  4:39  Adept  
  61  4:42  Adept  
  61  4:45  Probe (Chrono Boost)  
  68  4:47  Assimilator  
  68  4:51  Probe (Chrono Boost)  
  68  4:52  Assimilator  
  69  4:57  Probe (Chrono Boost)  
  66  5:10  Adept x3  
  66  5:12  Immortal  
  66  5:13  Probe (Chrono Boost)  
  65  5:16  Probe (Chrono Boost)  
  65  5:18  Probe (Chrono Boost)  
  71  5:24  Forge  
  71  5:25  Gateway  
  71  5:30  Gateway x2  
  71  5:32  Sentry x2  
  71  5:35  Sentry  
  77  5:39  Probe (Chrono Boost)  
  77  5:41  Probe x2 (Chrono Boost)  
  77  5:42  Pylon  
  80  5:43  Protoss Ground Weapons Level 1  
  80  5:48  Immortal  
  80  5:50  Probe (Chrono Boost)  
  80  5:52  Probe (Chrono Boost)  
  80  5:53  Probe (Chrono Boost)  
  87  6:02  Probe x2 (Chrono Boost)  
  89  6:04  Gateway  
  89  6:06  Probe (Chrono Boost)  
  89  6:08  Sentry x2  
  89  6:09  Gateway  
  94  6:13  Gateway  
  94  6:19  Pylon  
  94  6:22  Probe (Chrono Boost)  
  94  6:23  Probe x2 (Chrono Boost)  
  94  6:24  Adept x2  
  101  6:27  Assimilator  
  101  6:29  Pylon  
  101  6:32  Warp Prism  
  101  6:36  Pylon  
  101  6:38  Probe (Chrono Boost)  
  101  6:39  Probe x2 (Chrono Boost)  
  106  6:41  Pylon  
  106  6:42  Assimilator  
  106  6:46  Adept  
  108  6:48  Sentry, Adept  
  108  6:49  Adept  
  114  6:58  Pylon  
  114  6:59  Adept  
  114  7:00  Adept  
  118  7:04  Robotics Facility  
  118  7:06  Observer  
  118  7:07  Adept x3  
  125  7:24  Charge  
  125  7:26  Adept x6  
  125  7:29  Adept x2  
  141  7:36  Adept  
  131  7:47  Adept  
  131  7:48  Immortal  
  131  7:50  Adept  
  125  7:53  Immortal  
  125  7:56  Adept x2  
  135  7:58  Adept x2  
  135  8:02  Adept  
  125  8:06  Adept  
  125  8:10  Adept  
  121  8:14  Adept  
  121  8:18  Adept  
  109  8:21  Protoss Ground Weapons Level 2  
  109  8:22  Immortal  
  99  8:30  Warp Prism  
  99  8:33  Stalker x3  
  103  8:37  Probe (Chrono Boost)  
  102  8:44  Sentry x2  
  102  8:45  Sentry  
  100  8:48  Adept  
  100  8:51  Adept  
  100  8:54  Adept  
  106  8:59  Zealot  
  106  9:00  Zealot  
  106  9:01  Zealot  
  112  9:04  Immortal  
  112  9:09  Immortal  
  120  9:18  Templar Archives  
  120  9:20  Sentry  
  120  9:25  Cybernetics Core  
  120  9:29  Zealot  
  120  9:31  Zealot  
  120  9:32  Zealot  
  120  9:36  Zealot  
  120  9:37  Zealot  
  125  9:41  Gateway  
  122  9:46  Zealot x2  
  122  9:49  Zealot  
  122  9:51  Zealot  
  124  10:00  High Templar x4  
  124  10:04  Archon  
  124  10:05  Archon  
  132  10:10  High Templar x2  
  132  10:11  Zealot  
  138  10:14  Archon  
  138  10:15  Zealot  
  138  10:21  Pylon  
  140  10:22  Pylon  
  140  10:27  Pylon  
  134  10:30  Zealot  
  134  10:33  Zealot  
  134  10:34  Zealot  
  110  10:36  Zealot  
Show
View Real Time Build Order
Export as new Build Order

Nerchio Zerg - Winner!

Build Orders: Hatch First, Lurkers 

Get SALT Encoding   

  12  0:00  Drone  
  13  0:12  Overlord  
  13  0:17  Drone  
  14  0:31  Drone x2  
  14  0:34  Drone  
  17  0:52  Hatchery  
  17  0:55  Drone  
  17  0:57  Drone  
  17  1:02  Extractor  
  17  1:13  Spawning Pool  
  17  1:16  Drone  
  17  1:20  Drone  
  18  1:28  Drone  
  19  1:38  Overlord  
  19  1:51  Drone  
  20  2:00  Queen  
  22  2:02  Metabolic Boost  
  22  2:04  Queen  
  22  2:07  Zergling x2  
  25  2:10  Drone  
  25  2:13  Drone  
  27  2:17  Drone  
  28  2:23  Drone  
  29  2:38  Drone  
  29  2:40  Hatchery  
  29  2:41  Drone  
  29  2:43  Drone  
  31  2:48  Drone x2  
  32  2:53  Overlord  
  32  2:58  Zergling x2  
  33  3:04  Zergling x2  
  34  3:07  Queen  
  36  3:13  Drone x2  
  36  3:14  Drone x2  
  36  3:15  Drone  
  36  3:19  Overlord  
  41  3:20  Drone  
  41  3:23  Drone  
  41  3:24  Drone  
  44  3:37  Queen  
  44  3:39  Drone x2  
  44  3:40  Drone x3  
  50  3:49  Drone  
  50  3:50  Roach Warren  
  50  3:51  Drone  
  50  3:55  Spine Crawler  
  50  3:57  Zergling x2  
  50  3:58  Zergling x6  
  54  4:03  Overlord  
  54  4:09  Lair  
  54  4:11  Overlord  
  54  4:20  Overlord  
  54  4:30  Roach x6  
  66  4:31  Zergling x2  
  66  4:32  Zergling x4  
  66  4:38  Overlord x2  
  69  4:45  Zergling x4  
  71  4:48  Drone x4  
  71  4:49  Drone x3  
  71  4:52  Drone  
  78  4:56  Drone  
  77  5:05  Drone x2  
  76  5:08  Drone  
  76  5:12  Drone x2  
  76  5:13  Extractor x2  
  75  5:14  Drone  
  75  5:15  Extractor, Drone x3  
  75  5:16  Extractor, Overseer  
  75  5:17  Drone x2  
  75  5:18  Drone x3  
  75  5:19  Drone  
  83  5:22  Drone  
  83  5:24  Glial Reconstitution  
  83  5:27  Drone  
  85  5:31  Extractor  
  84  5:39  Drone x3  
  84  5:41  Evolution Chamber  
  86  5:47  Overlord  
  86  5:48  Drone x5, Hydralisk Den  
  90  5:50  Drone  
  90  5:51  Hatchery  
  90  5:56  Overlord x2  
  90  6:08  Roach  
  90  6:09  Zerg Melee Weapons Level 1, Roach x3  
  98  6:11  Overlord  
  98  6:14  Overlord  
  98  6:18  Hydralisk x3  
  98  6:20  Lurker Den  
  98  6:23  Hydralisk  
  98  6:25  Hydralisk  
  106  6:31  Zergling x10  
  113  6:35  Zergling x6  
  113  6:36  Zergling x2  
  113  6:37  Zergling x2  
  118  6:40  Extractor  
  118  6:43  Drone x5  
  122  6:47  Overlord  
  122  6:50  Overlord  
  123  7:01  Ravager x3  
  123  7:02  Hydralisk x5, Ravager  
  123  7:06  Roach  
  123  7:07  Roach  
  140  7:09  Roach  
  140  7:10  Roach  
  140  7:11  Roach  
  140  7:13  Roach  
  148  7:16  Overlord  
  148  7:17  Overlord  
  148  7:19  Overlord  
  148  7:21  Overlord  
  148  7:24  Overlord  
  148  7:34  Roach x2  
  150  7:37  Roach  
  150  7:38  Roach x7  
  150  7:40  Roach  
  150  7:41  Roach  
  150  7:43  Roach  
  168  7:45  Roach  
  168  7:47  Roach x2  
  168  7:50  Roach  
  165  7:51  Roach  
  165  7:52  Roach  
  165  7:54  Roach  
  165  7:57  Roach x2  
  165  7:59  Roach  
  165  8:00  Roach  
  165  8:02  Zergling x2  
  165  8:03  Roach  
  165  8:04  Roach  
  165  8:05  Roach  
  160  8:07  Roach  
  160  8:12  Roach  
  152  8:13  Roach  
  152  8:15  Hydralisk  
  152  8:18  Hydralisk  
  142  8:22  Hydralisk  
  142  8:24  Hydralisk  
  140  8:29  Hydralisk x2  
  140  8:30  Queen  
  141  8:35  Infestation Pit  
  141  8:38  Zerg Missile Weapons Level 1, Hydralisk x3  
  141  8:39  Hydralisk  
  148  8:43  Hydralisk  
  148  8:45  Hydralisk  
  150  8:49  Hydralisk  
  150  8:52  Drone  
  150  8:54  Drone  
  154  8:56  Drone  
  154  8:58  Muscular Augments  
  155  9:02  Hydralisk  
  155  9:03  Extractor, Hydralisk x3  
  155  9:09  Zergling x4  
  165  9:10  Zergling x2  
  165  9:18  Zergling x2  
  165  9:19  Zergling x6  
  168  9:28  Hydralisk x5  
  168  9:29  Hydralisk  
  175  9:35  Overlord x2  
  175  9:39  Overlord  
  175  9:40  Overlord x2  
  175  9:41  Overlord  
  169  9:47  Overlord  
  162  9:53  Lurker x6  
  162  9:59  Lurker x2  
  167  10:00  Zergling x20  
  167  10:01  Zergling x2  
  167  10:02  Zergling x2  
  167  10:06  Zergling x4  
  180  10:08  Spore Crawler  
  177  10:15  Zergling x12  
  177  10:20  Hydralisk x2  

Tags
 
Add a new tag
Caveats
  • Supply blocks, unpowered buildings, or Contaminate may cause inaccurate times.
  • Supply counts are checked every 10 seconds.